 Dungeon Crawl Stone Soup version 0.29.0-4-gdea44cf6ec (webtiles) character file.

Game seed: 15770294422658903956

83244 qw the Brawler (level 15, -6/146 HPs)
             Began as a Troll Cinder Acolyte on Sept 2, 2022.
             Was an Elder of Okawaru.
             Mangled by a tengu warrior
             ... wielding a +0 halberd
              (9 damage)
             ... on level 15 of the Dungeon.
             The game lasted 00:12:02 (19371 turns).

qw the Brawler (Troll Cinder Acolyte)              Turns: 19371, Time: 00:12:03

Health: -6/146     AC: 15    Str: 38    XL:     15   Next: 31%
Magic:  18/21      EV:  8    Int: 10    God:    Okawaru [****..]
Gold:   1213       SH: 15    Dex:  5    Spells: 16/16 levels left

rFire   . . .      SeeInvis .     - Unarmed
rCold   . . .      Faith    .   u - +1 tower shield of the Valley of Death {rN+}
rNeg    + . .      Spirit   .   a - +4 swamp dragon scales
rPois   +          Reflect  .   (helmet restricted)
rElec   .          Harm     .   (no cloak)
rCorr   +          Rampage  .   (gloves unavailable)
Will    +....                   (boots unavailable)
Stlth   ++........              f - amulet of regeneration
HPRegen 1.94/turn               b - +6 ring of strength
MPRegen 0.17/turn               r - ring of resist corrosion

@: heroic, finesse-ful
A: large, unfitting armour, claws 3, regeneration 1, shaggy fur 1, tough skin 1
a: Renounce Religion, Heroism, Finesse


You were on level 15 of the Dungeon.
You worshipped Okawaru.
Okawaru was greatly pleased with you.
You visited 3 branches of the dungeon, and saw 21 of its levels.

You collected 1213 gold pieces.


Innate Abilities, Weirdness & Mutations

You are too large for most types of armour.
You have claws for hands.
Your natural rate of healing is unusually fast.
You are covered in fur. (AC +1)
You have tough skin. (AC +1)


   Skills:
 - Level 9.0(14.0) Fighting
 - Level 8.3(13.3) Throwing
 - Level 4.0(9.0) Armour
 - Level 2.1(7.1) Dodging
 + Level 5.6(10.6) Shields
 - Level 20.0(25.0) Unarmed Combat
 - Level 1.0 Spellcasting
 - Level 2.1 Fire Magic
 - Level 10.0 Invocations


You had 16 spell levels left.
You didn't know any spells.
Your spell library contained the following spells:

 Spells                   Type           Power      Damage    Failure   Level
 Scorch                   Fire           8%         2d5       71%         2

Inventory:

Missiles
 c - 14 javelins
 q - 16 large rocks (quivered)
 s - 17 boomerangs
Armour
 a - +4 swamp dragon scales (worn)
 l - +0 ice dragon scales
 u - the +1 tower shield of the Valley of Death (worn) {rN+}
   (Okawaru gifted it to you on level 13 of the Dungeon)

   rN:        It protects you from negative energy.
Jewellery
 b - a +6 ring of strength (left claw)
 f - an amulet of regeneration (around neck)
 h - a ring of fire
 r - a ring of resist corrosion (right claw)
Scrolls
 d - 2 scrolls of enchant weapon
 e - a scroll of brand weapon
 g - 8 scrolls of identify
Potions
 i - 2 potions of haste
 j - 6 potions of curing
 k - a potion of mutation
 n - 2 potions of resistance
 o - 4 potions of might

Dungeon Overview and Level Annotations

Branches:
Dungeon (15/15)            Temple (1/1) D:7            Lair (5/5) D:8
 Shoals (0/4) Lair:2       Spider (0/4) Lair:2        Slime (0/5) Lair:4
    Orc (0/2) D:12         Vaults (0/5) D:13
 Depths: D:15

Altars:
Ashenzari
Cheibriados
Dithmenos
Elyvilon
Fedhas
Gozag
Hepliaklqana
Kikubaaqudgha
Makhleb
Nemelex Xobeh
Okawaru
Qazlal
Ru
Sif Muna
Trog
Uskayaw
Vehumet
Wu Jian
Xom
Yredelemnul
Zin
The Shining One

Shops:
D:2 :

Annotations:
D:10 3 runed translucent doors, qw's ghost, novice TrCA
Lair:5 2 runed translucent doors


Message History

The tengu warrior is heavily wounded.
The ogre hits you with a +0 giant spiked club.
You claw the tengu warrior!
The tengu warrior is heavily wounded.
You hear some strange, mumbled words.
A bolt of magma appears from out of thin air!
The bolt of magma hits you! You block the tengu warrior's attack.
The tengu warrior pecks you but does no damage.
The tengu warrior barely misses you.
You closely miss the tengu warrior.
The tengu warrior is heavily wounded.
The tengu warrior blocks your attack.
The tengu warrior is heavily wounded.
You block the tengu warrior's attack.
The ogre hits you with a +0 giant spiked club!
You closely miss the tengu warrior.
The tengu warrior is heavily wounded.
You hear some strange, mumbled words.
Something tries to affect you, but you resist.
The tengu warrior barely misses you. The tengu warrior pecks you.
The tengu warrior claws you but does no damage.
19366 ||| Stepping ~*~*~tactically~*~*~ (outnumbered).
You block the tengu warrior's attack. x2; The tengu warrior claws you.
19367 ||| Stepping ~*~*~tactically~*~*~ (outnumbered).
The ogre attacks as you move away! You block the ogre's attack.
The tengu warrior barely misses you.
You barely miss the tengu warrior.
The tengu warrior is heavily wounded.
The ogre hits you with a +0 giant spiked club.
You scratch the tengu warrior but do no damage.
The tengu warrior is heavily wounded.
You block the tengu warrior's attack. You block the two-headed ogre's attack.
The two-headed ogre hits you with a +0 giant spiked club!
The tengu warrior blocks your attack.
The tengu warrior is heavily wounded.
The tengu warrior blocks your attack.
The tengu warrior is heavily wounded.
The ogre barely misses you.
The tengu warrior hits you from afar with a +0 halberd!
You die...

.....##......... ......
.....#.......).##.......
.........# #.....?........
........# ..............
.....#.)######.##.........."..
u....##)...##..#..............
...##...........Q........)....
#..##..........O...............
#..............O@Q............##
##.....<.............#..$......##
#.###.........##....#..)........
#. #............................
......).......................#
..........#.........(.........#
...........#.(..............##
.......##.###.(.#.###.###...#
....... ... ...... #.#.......


You could see 2 tengu warriors, a two-headed ogre (fast) and an ogre (fast).

Vanquished Creatures
  Rupert (D:13)
  Kirke (Lair:5)
  Azrael (D:12)
  Josephine (D:14)
  A vault guard (D:13)
  8 hydras
  An ogre mage (D:13)
  4 boulder beetles
  4 centaur warriors
  6 two-headed ogres
  A tengu warrior (D:14)
  Urug (D:11)
  Sonja (Lair:5)
  7 skeletal warriors (D:13)
  A deep elf archer (D:13)
  Pikel (D:5)
  3 orc knights (D:13)
  A necromancer (D:9)
  A lindwurm (Lair:5)
  An orc sorcerer (D:13)
  5 cyclopes
  4 manticores
  9 elephants
  12 ugly things
  3 molten gargoyles (Lair:5)
  7 black mambas
  A torpor snail (Lair:5)
  2 gargoyles
  Maggie (D:7)
  An unseen horror (D:11)
  8 cane toads
  3 rime drakes
  15 komodo dragons
  A freezing wraith (D:14)
  A queen bee (D:10)
  5 trolls
  2 polar bears
  22 blink frogs
  A snapping turtle (Lair:2)
  4 slime creatures
  4 dream sheep (Lair:4)
  4 shadows
  3 spriggans (Lair:2)
  21 fire elementals
  46 yaks
  A vampire (D:9)
  4 water elementals (D:13)
  2 culicivoras (Lair:2)
  7 wraiths
  5 basilisks
  7 wyverns
  5 steam dragons
  5 humans
  15 vampire mosquitoes
  12 water moccasins
  2 acid dragons
  6 hell hounds
  2 sky beasts
  5 orc warriors
  A black bear (D:8)
  17 wolves
  12 centaurs
  4 ogres
  A lemure (D:5)
  2 kobold brigands (D:12)
  A gnoll sergeant (D:8)
  3 necrophages
  13 bullfrogs
  9 scorpions
  3 wights
  41 killer bees
  3 vampire bats (Lair:5)
  2 howler monkeys (D:9)
  5 electric eels
  3 lava snakes (Lair:5)
  3 jellies
  3 hounds
  6 orc priests
  Jessica (D:3)
  4 iguanas
  11 orc wizards
  13 hell rats (Lair:5)
  3 yak simulacra (D:9)
  Terence (D:2)
  4 polar bear simulacra (D:9)
  A wolf simulacrum (D:9)
  12 gnolls
  7 adders
  2 white imps
  2 ufetubi (D:5)
  2 worms
  2 dart slugs
  40 orcs
  8 ball pythons
  14 endoplasms
  5 giant cockroaches
  11 goblins
  6 hobgoblins
  3 jackals (D:4)
  2 quokkas (D:1)
  10 bats
  6 frilled lizards
  8 kobolds
  9 rats
  3 river rat simulacra (D:9)
631 creatures vanquished.

Vanquished Creatures (others)
  4 ugly things (D:14)
  55 fungi
  110 plants
  6 withered plants (D:10)
175 creatures vanquished.

Grand Total: 806 creatures vanquished

Notes
Turn   | Place    | Note
-------+----------+-------------------------------------------
     0 | D:1      | qw the Troll Cinder Acolyte began the quest for the Orb.
     0 | D:1      | Reached XP level 1. HP: 22/22 MP: 1/1
     0 | D:1      | 0 ||| qw: Version: 0.1-a-97-g2dd2ca4
     0 | D:1      | 0 ||| qw: Game counter: 4969
     0 | D:1      | 0 ||| qw: Always use a shield: true
     0 | D:1      | 0 ||| qw: God list: Okawaru
     0 | D:1      | 0 ||| qw: Allow faded altars: false
     0 | D:1      | 0 ||| qw: Do Orc after D:15 true
     0 | D:1      | 0 ||| qw: Do second Lair branch before Depths: true
     0 | D:1      | 0 ||| qw: Lair rune preference: random
     0 | D:1      | 0 ||| qw: Plans: Normal
     0 | D:1      | 0 ||| PLANNING D:1-11
    29 | D:1      | 29 ||| Stepping ~*~*~tactically~*~*~ (outnumbered).
    30 | D:1      | 30 ||| Stepping ~*~*~tactically~*~*~ (outnumbered).
    31 | D:1      | 31 ||| Stepping ~*~*~tactically~*~*~ (outnumbered).
    32 | D:1      | 32 ||| Stepping ~*~*~tactically~*~*~ (outnumbered).
    33 | D:1      | 33 ||| Stepping ~*~*~tactically~*~*~ (outnumbered).
    36 | D:1      | 36 ||| Stepping ~*~*~tactically~*~*~ (outnumbered).
    37 | D:1      | 37 ||| Stepping ~*~*~tactically~*~*~ (outnumbered).
    38 | D:1      | 38 ||| Stepping ~*~*~tactically~*~*~ (outnumbered).
    39 | D:1      | 39 ||| Stepping ~*~*~tactically~*~*~ (outnumbered).
    40 | D:1      | 40 ||| Stepping ~*~*~tactically~*~*~ (outnumbered).
    41 | D:1      | 41 ||| Stepping ~*~*~tactically~*~*~ (outnumbered).
    42 | D:1      | 42 ||| Stepping ~*~*~tactically~*~*~ (outnumbered).
    43 | D:1      | 43 ||| Stepping ~*~*~tactically~*~*~ (outnumbered).
    44 | D:1      | 44 ||| Stepping ~*~*~tactically~*~*~ (outnumbered).
    45 | D:1      | 45 ||| Stepping ~*~*~tactically~*~*~ (outnumbered).
    46 | D:1      | 46 ||| Stepping ~*~*~tactically~*~*~ (outnumbered).
    47 | D:1      | 47 ||| Stepping ~*~*~tactically~*~*~ (outnumbered).
    48 | D:1      | 48 ||| Stepping ~*~*~tactically~*~*~ (outnumbered).
    98 | D:1      | 98 ||| Stepping ~*~*~tactically~*~*~ (stealth).
   106 | D:1      | 106 ||| Stepping ~*~*~tactically~*~*~ (outnumbered).
   107 | D:1      | 107 ||| Stepping ~*~*~tactically~*~*~ (outnumbered).
   172 | D:1      | Reached XP level 2. HP: 29/29 MP: 2/2
   307 | D:1      | Found a faded altar of an unknown god.
   622 | D:1      | Reached skill level 4 in Unarmed Combat
   727 | D:1      | 727 ||| DROPPING amulet of magic regeneration.
   728 | D:1      | 728 ||| READING scroll labelled FIAZXANOOM.
   743 | D:1      | 743 ||| READING 2 scrolls labelled JOFRUIWEED.
   744 | D:1      | 744 ||| READING scroll labelled ICEMEU VERHE.
   745 | D:1      | 745 ||| READING scroll labelled ZECSIEKHLO.
   746 | D:1      | 746 ||| DRINKING 2 amethyst potions.
   747 | D:1      | 747 ||| DROPPING potion of degeneration.
   789 | D:2      | Noticed Terence
   797 | D:2      | 797 ||| INVOKING Fiery Armour.
   801 | D:2      | 801 ||| Stepping ~*~*~tactically~*~*~ (outnumbered).
   803 | D:2      | 803 ||| Stepping ~*~*~tactically~*~*~ (outnumbered).
   804 | D:2      | Killed Terence
   805 | D:2      | Reached XP level 3. HP: 33/36 MP: 3/3
   833 | D:2      | Found Ziabef's Vocational Training.
   900 | D:2      | 900 ||| Stepping ~*~*~tactically~*~*~ (stealth).
  1006 | D:2      | 1006 ||| Stepping ~*~*~tactically~*~*~ (stealth).
  1009 | D:2      | Reached XP level 4. HP: 44/44 MP: 4/4
  1088 | D:2      | 1088 ||| Stepping ~*~*~tactically~*~*~ (stealth).
  1090 | D:2      | Reached skill level 5 in Unarmed Combat
  1092 | D:2      | 1092 ||| Stepping ~*~*~tactically~*~*~ (stealth).
  1093 | D:2      | 1093 ||| Stepping ~*~*~tactically~*~*~ (stealth).
  1104 | D:2      | 1104 ||| Stepping ~*~*~tactically~*~*~ (stealth).
  1178 | D:2      | 1178 ||| Stepping ~*~*~tactically~*~*~ (stealth).
  1320 | D:2      | 1320 ||| Stepping ~*~*~tactically~*~*~ (stealth).
  1426 | D:2      | 1426 ||| READING 2 scrolls labelled GUGGANGYCOM.
  1427 | D:2      | 1427 ||| READING scroll labelled WAPEUJ DAMP.
  1428 | D:2      | 1428 ||| READING scroll labelled EFFAAG TEONEZ.
  1429 | D:2      | 1429 ||| READING scroll labelled URALAH TARO.
  1492 | D:3      | 1492 ||| Stepping ~*~*~tactically~*~*~ (stealth).
  1493 | D:3      | 1493 ||| Stepping ~*~*~tactically~*~*~ (stealth).
  1583 | D:3      | 1583 ||| Stepping ~*~*~tactically~*~*~ (outnumbered).
  1586 | D:3      | 1586 ||| Stepping ~*~*~tactically~*~*~ (outnumbered).
  1587 | D:3      | 1587 ||| Stepping ~*~*~tactically~*~*~ (outnumbered).
  1588 | D:3      | 1588 ||| Stepping ~*~*~tactically~*~*~ (outnumbered).
  1589 | D:3      | 1589 ||| Stepping ~*~*~tactically~*~*~ (outnumbered).
  1590 | D:3      | 1590 ||| Stepping ~*~*~tactically~*~*~ (outnumbered).
  1595 | D:3      | 1595 ||| INVOKING Fiery Armour.
  1694 | D:3      | Noticed Jessica
  1700 | D:3      | Killed Jessica
  1703 | D:3      | Found a shimmering blue altar of Sif Muna.
  1733 | D:3      | 1733 ||| Stepping ~*~*~tactically~*~*~ (stealth).
  1734 | D:3      | 1734 ||| Stepping ~*~*~tactically~*~*~ (stealth).
  1785 | D:3      | 1785 ||| Stepping ~*~*~tactically~*~*~ (stealth).
  1800 | D:3      | 1800 ||| INVOKING Fiery Armour.
  1802 | D:3      | Reached XP level 5. HP: 50/50 MP: 5/5
  1804 | D:3      | Reached skill level 6 in Unarmed Combat
  2091 | D:3      | 2091 ||| Stepping ~*~*~tactically~*~*~ (hiding).
  2335 | D:3      | Identified the +8 spear "Asaomoor" {freeze, rF+ rC+ Str+3}
  2492 | D:3      | Noticed a moth of wrath
  2496 | D:3      | Found a bloodstained altar of Trog.
  2501 | D:3      | 2501 ||| INVOKING Fiery Armour.
  2502 | D:3      | 2502 ||| Stepping ~*~*~tactically~*~*~ (outnumbered).
  2608 | D:3      | 2608 ||| UPGRADING to amulet of regeneration.
  2613 | D:3      | 2613 ||| READING scroll labelled ZIQIGU UNULEK.
  2694 | D:4      | Reached XP level 6. HP: 55/59 MP: 6/6
  2746 | D:4      | Reached skill level 7 in Unarmed Combat
  2923 | D:4      | 2923 ||| Stepping ~*~*~tactically~*~*~ (stealth).
  3181 | D:4      | Found a stormy altar of Qazlal.
  3240 | D:4      | Found an ancient bone altar of Kikubaaqudgha.
  3244 | D:4      | Found a blossoming altar of Fedhas.
  3376 | D:4      | 3376 ||| READING 3 scrolls labelled ETARCH LATEUL.
  3377 | D:4      | 3377 ||| DRINKING 2 red potions.
  3378 | D:4      | 3378 ||| DROPPING 2 scrolls of blinking.
  3408 | D:5      | Entered Level 5 of the Dungeon
  3414 | D:5      | Reached skill level 1 in Throwing
  3449 | D:5      | Reached skill level 8 in Unarmed Combat
  3449 | D:5      | Reached XP level 7. HP: 42/66 MP: 7/7
  3449 | D:5      | 3449 ||| FLEEEEING.
  3450 | D:5      | 3450 ||| FLEEEEING.
  3451 | D:5      | 3451 ||| FLEEEEING.
  3452 | D:5      | 3452 ||| FLEEEEING.
  3453 | D:5      | 3453 ||| FLEEEEING.
  3454 | D:5      | 3454 ||| FLEEEEING.
  3455 | D:5      | 3455 ||| FLEEEEING.
  3456 | D:5      | 3456 ||| FLEEEEING.
  3457 | D:5      | 3457 ||| FLEEEEING.
  3458 | D:5      | 3458 ||| FLEEEEING.
  3459 | D:5      | 3459 ||| FLEEEEING.
  3460 | D:5      | 3460 ||| FLEEEEING.
  3461 | D:5      | 3461 ||| FLEEEEING.
  3489 | D:5      | 3489 ||| Stepping ~*~*~tactically~*~*~ (hiding).
  3490 | D:5      | 3490 ||| Stepping ~*~*~tactically~*~*~ (hiding).
  3497 | D:5      | Reached skill level 3 in Fighting
  3670 | D:5      | Found an opulent altar of Gozag.
  3772 | D:5      | Found a basalt altar of Yredelemnul.
  3818 | D:5      | Reached skill level 9 in Unarmed Combat
  3818 | D:5      | Reached XP level 8. HP: 53/75 MP: 8/8
  3983 | D:5      | Found a sacrificial altar of Ru.
  4035 | D:5      | Reached skill level 3 in Throwing
  4058 | D:5      | Found a hide-covered altar of Uskayaw.
  4086 | D:5      | Reached skill level 1 in Dodging
  4094 | D:5      | 4094 ||| Stepping ~*~*~tactically~*~*~ (stealth).
  4407 | D:5      | Noticed Pikel
  4408 | D:5      | 4408 ||| Stepping ~*~*~tactically~*~*~ (stealth).
  4412 | D:5      | 4412 ||| Stepping ~*~*~tactically~*~*~ (stealth).
  4422 | D:5      | Killed Pikel
  4423 | D:5      | Reached skill level 10 in Unarmed Combat
  4446 | D:5      | 4446 ||| UPGRADING to +2 robe of cold resistance.
  4456 | D:5      | 4456 ||| DROPPING +0 robe.
  4457 | D:5      | 4457 ||| DRINKING 2 pink potions.
  4458 | D:5      | 4458 ||| READING 2 scrolls of identify.
  4458 | D:5      | 4458 ||| IDENTIFYING fizzy purple potion
  4459 | D:5      | 4459 ||| DROPPING potion of lignification.
  4460 | D:5      | 4460 ||| DROPPING potion of brilliance.
  4520 | D:6      | 4520 ||| STAIRDANCE
  4542 | D:6      | 4542 ||| Stepping ~*~*~tactically~*~*~ (hiding).
  4545 | D:6      | 4545 ||| Stepping ~*~*~tactically~*~*~ (hiding).
  4548 | D:6      | 4548 ||| Stepping ~*~*~tactically~*~*~ (hiding).
  4558 | D:6      | 4558 ||| INVOKING Fiery Armour.
  4562 | D:6      | 4562 ||| Stepping ~*~*~tactically~*~*~ (outnumbered).
  4583 | D:6      | Reached XP level 9. HP: 83/84 MP: 9/9
  4612 | D:6      | 4612 ||| Stepping ~*~*~tactically~*~*~ (stealth).
  4620 | D:6      | 4620 ||| Stepping ~*~*~tactically~*~*~ (hiding).
  4621 | D:6      | 4621 ||| Stepping ~*~*~tactically~*~*~ (stealth).
  4629 | D:6      | Reached skill level 11 in Unarmed Combat
  4806 | D:6      | 4806 ||| Stepping ~*~*~tactically~*~*~ (hiding).
  4992 | D:6      | 4992 ||| Stepping ~*~*~tactically~*~*~ (stealth).
  5016 | D:6      | 5016 ||| Stepping ~*~*~tactically~*~*~ (stealth).
  5242 | D:6      | 5242 ||| READING scroll labelled TIEDGH LANAMM.
  5243 | D:6      | 5243 ||| READING 2 scrolls of identify.
  5243 | D:6      | 5243 ||| IDENTIFYING bubbling yellow potion
  5244 | D:6      | 5244 ||| DROPPING potion of berserk rage.
  5265 | D:7      | 5265 ||| STAIRDANCE
  5290 | D:7      | 5290 ||| STAIRDANCE
  5295 | D:6      | 5295 ||| INVOKING Fiery Armour.
  5298 | D:6      | HP: 21/84 [killer bee (3)]
  5299 | D:6      | 5299 ||| READING scroll of teleportation.
  5358 | D:7      | 5358 ||| Stepping ~*~*~tactically~*~*~ (stealth).
  5360 | D:7      | 5360 ||| Stepping ~*~*~tactically~*~*~ (hiding).
  5361 | D:7      | 5361 ||| Stepping ~*~*~tactically~*~*~ (hiding).
  5363 | D:7      | 5363 ||| Stepping ~*~*~tactically~*~*~ (outnumbered).
  5365 | D:7      | 5365 ||| Stepping ~*~*~tactically~*~*~ (outnumbered).
  5368 | D:7      | 5368 ||| Stepping ~*~*~tactically~*~*~ (outnumbered).
  5373 | D:7      | Reached skill level 12 in Unarmed Combat
  5513 | D:7      | 5513 ||| Stepping ~*~*~tactically~*~*~ (stealth).
  5515 | D:7      | 5515 ||| Stepping ~*~*~tactically~*~*~ (stealth).
  5517 | D:7      | 5517 ||| Stepping ~*~*~tactically~*~*~ (stealth).
  5530 | D:7      | 5530 ||| Stepping ~*~*~tactically~*~*~ (stealth).
  5558 | D:7      | Noticed Maggie
  5559 | D:7      | 5559 ||| DROPPING ring of magical power.
  5560 | D:7      | 5560 ||| Stepping randomly (stuck).
  5572 | D:7      | Killed Maggie
  5649 | D:7      | Found a staircase to the Ecumenical Temple.
  5724 | D:7      | 5724 ||| Stepping ~*~*~tactically~*~*~ (hiding).
  5906 | D:7      | Found a shimmering altar of Xom.
  6237 | D:7      | 6237 ||| UPGRADING to +0 swamp dragon scales.
  6247 | D:7      | 6247 ||| DROPPING +2 robe of cold resistance.
  6248 | D:7      | 6248 ||| READING 2 scrolls labelled EHEUCI YSIE.
  6249 | D:7      | 6249 ||| READING scroll of enchant armour.
  6249 | D:7      | 6249 ||| ENCHANTING +0 swamp dragon scales.
  6250 | D:7      | 6250 ||| READING scroll labelled EBLUAFR ZEAM.
  6331 | D:8      | Reached skill level 1 in Armour
  6360 | D:8      | Found a staircase to the Lair.
  6367 | D:8      | Reached XP level 10. HP: 96/96 MP: 10/10
  6386 | D:8      | 6386 ||| INVOKING Fiery Armour.
  6387 | D:8      | 6387 ||| Stepping ~*~*~tactically~*~*~ (outnumbered).
  6388 | D:8      | 6388 ||| Stepping ~*~*~tactically~*~*~ (outnumbered).
  6391 | D:8      | Reached skill level 13 in Unarmed Combat
  6391 | D:8      | 6391 ||| FLEEEEING.
  6392 | D:8      | 6392 ||| FLEEEEING.
  6393 | D:8      | 6393 ||| FLEEEEING.
  6394 | D:8      | 6394 ||| FLEEEEING.
  6395 | D:8      | 6395 ||| FLEEEEING.
  6396 | D:8      | 6396 ||| FLEEEEING.
  6397 | D:8      | 6397 ||| FLEEEEING.
  6398 | D:8      | 6398 ||| FLEEEEING.
  6399 | D:8      | 6399 ||| FLEEEEING.
  6400 | D:8      | 6400 ||| FLEEEEING.
  6401 | D:8      | 6401 ||| FLEEEEING.
  6402 | D:8      | 6402 ||| FLEEEEING.
  6403 | D:8      | 6403 ||| FLEEEEING.
  6404 | D:8      | 6404 ||| FLEEEEING.
  6405 | D:8      | 6405 ||| FLEEEEING.
  6406 | D:8      | 6406 ||| FLEEEEING.
  6407 | D:8      | 6407 ||| STAIRDANCE
  6427 | D:8      | Found the +18 Lear's hauberk
  6430 | D:8      | 6430 ||| Stepping ~*~*~tactically~*~*~ (outnumbered).
  6433 | D:8      | 6433 ||| Stepping ~*~*~tactically~*~*~ (outnumbered).
  6499 | D:8      | 6499 ||| Stepping ~*~*~tactically~*~*~ (stealth).
  6501 | D:8      | 6501 ||| Stepping ~*~*~tactically~*~*~ (hiding).
  6539 | D:8      | 6539 ||| Stepping ~*~*~tactically~*~*~ (stealth).
  6545 | D:8      | 6545 ||| Stepping ~*~*~tactically~*~*~ (outnumbered).
  6546 | D:8      | 6546 ||| Stepping ~*~*~tactically~*~*~ (outnumbered).
  6548 | D:8      | 6548 ||| FLEEEEING.
  6549 | D:8      | 6549 ||| FLEEEEING.
  6550 | D:8      | 6550 ||| FLEEEEING.
  6551 | D:8      | 6551 ||| FLEEEEING.
  6989 | D:8      | 6989 ||| PLANNING LAIR
  6989 | D:8      | 6989 ||| UPGRADING to +6 ring of strength.
  6990 | D:8      | 6990 ||| DRINKING 2 fuming red potions.
  7043 | Lair:1   | Entered Level 1 of the Lair of Beasts
  7045 | Lair:1   | 7045 ||| INVOKING Fiery Armour.
  7049 | Lair:1   | 7049 ||| Stepping ~*~*~tactically~*~*~ (outnumbered).
  7050 | Lair:1   | 7050 ||| Stepping ~*~*~tactically~*~*~ (outnumbered).
  7051 | Lair:1   | 7051 ||| Stepping ~*~*~tactically~*~*~ (outnumbered).
  7052 | Lair:1   | 7052 ||| Stepping ~*~*~tactically~*~*~ (outnumbered).
  7053 | Lair:1   | 7053 ||| Stepping ~*~*~tactically~*~*~ (outnumbered).
  7054 | Lair:1   | 7054 ||| Stepping ~*~*~tactically~*~*~ (outnumbered).
  7055 | Lair:1   | 7055 ||| Stepping ~*~*~tactically~*~*~ (outnumbered).
  7063 | Lair:1   | Reached skill level 14 in Unarmed Combat
  7069 | Lair:1   | Reached skill level 6 in Fighting
  7215 | Lair:1   | 7215 ||| Stepping ~*~*~tactically~*~*~ (stealth).
  7216 | Lair:1   | 7216 ||| Stepping ~*~*~tactically~*~*~ (stealth).
  7218 | Lair:1   | 7218 ||| Stepping ~*~*~tactically~*~*~ (stealth).
  7219 | Lair:1   | 7219 ||| Stepping ~*~*~tactically~*~*~ (stealth).
  7242 | Lair:1   | 7242 ||| Stepping ~*~*~tactically~*~*~ (stealth).
  7243 | Lair:1   | 7243 ||| Stepping ~*~*~tactically~*~*~ (stealth).
  7301 | Lair:1   | Noticed a cane toad
  7307 | Lair:1   | Killed a cane toad
  7311 | Lair:1   | 7311 ||| Stepping ~*~*~tactically~*~*~ (hiding).
  7320 | Lair:1   | Reached XP level 11. HP: 105/105 MP: 11/11
  7464 | Lair:1   | Reached skill level 15 in Unarmed Combat
  7469 | Lair:1   | 7469 ||| Stepping ~*~*~tactically~*~*~ (outnumbered).
  7470 | Lair:1   | 7470 ||| Stepping ~*~*~tactically~*~*~ (outnumbered).
  7471 | Lair:1   | 7471 ||| Stepping ~*~*~tactically~*~*~ (outnumbered).
  7621 | Lair:1   | 7621 ||| INVOKING Fiery Armour.
  7632 | Lair:1   | Reached skill level 3 in Armour
  7954 | Lair:1   | 7954 ||| DRINKING 2 coppery potions.
  7955 | Lair:1   | 7955 ||| READING 2 scrolls of identify.
  7955 | Lair:1   | 7955 ||| IDENTIFYING fuming sapphire potion
  7956 | Lair:1   | 7956 ||| DROPPING potion of ambrosia.
  7957 | Lair:1   | 7957 ||| DROPPING potion of attraction.
  8254 | Lair:2   | 8254 ||| INVOKING Fiery Armour.
  8280 | Lair:2   | 8280 ||| DRINKING potion of cancellation.
  8308 | Lair:2   | Found a hole to the Spider Nest.
  8321 | Lair:2   | Reached skill level 16 in Unarmed Combat
  8464 | Lair:2   | 8464 ||| Stepping ~*~*~tactically~*~*~ (stealth).
  8479 | Lair:2   | 8479 ||| Stepping ~*~*~tactically~*~*~ (stealth).
  8663 | Lair:2   | Found a staircase to the Shoals.
  8695 | Lair:2   | 8695 ||| Stepping ~*~*~tactically~*~*~ (stealth).
  8708 | Lair:2   | 8708 ||| FLEEEEING.
  8709 | Lair:2   | 8709 ||| STAIRDANCE
  8843 | Lair:3   | 8843 ||| STAIRDANCE
  8928 | Lair:3   | 8928 ||| Stepping ~*~*~tactically~*~*~ (stealth).
  8931 | Lair:3   | 8931 ||| Stepping ~*~*~tactically~*~*~ (stealth).
  8939 | Lair:3   | 8939 ||| INVOKING Fiery Armour.
  8942 | Lair:3   | 8942 ||| Stepping ~*~*~tactically~*~*~ (outnumbered).
  8943 | Lair:3   | 8943 ||| Stepping ~*~*~tactically~*~*~ (outnumbered).
  8952 | Lair:3   | 8952 ||| Stepping ~*~*~tactically~*~*~ (outnumbered).
  8955 | Lair:3   | Reached XP level 12. HP: 97/118 MP: 12/12
  8957 | Lair:3   | 8957 ||| Stepping ~*~*~tactically~*~*~ (outnumbered).
  9090 | Lair:3   | 9090 ||| Stepping ~*~*~tactically~*~*~ (hiding).
  9091 | Lair:3   | 9091 ||| Stepping ~*~*~tactically~*~*~ (hiding).
  9094 | Lair:3   | 9094 ||| Stepping ~*~*~tactically~*~*~ (hiding).
  9101 | Lair:3   | Reached skill level 17 in Unarmed Combat
  9213 | Lair:3   | 9213 ||| READING scroll of enchant armour.
  9213 | Lair:3   | 9213 ||| ENCHANTING +1 swamp dragon scales.
  9665 | Lair:3   | 9665 ||| DRINKING 2 fuming dark potions.
  9666 | Lair:3   | 9666 ||| READING 2 scrolls of identify.
  9666 | Lair:3   | 9666 ||| IDENTIFYING bubbling ruby potion
  9686 | Lair:4   | 9686 ||| INVOKING Fiery Armour.
  9688 | Lair:4   | 9688 ||| STAIRDANCE
  9690 | Lair:3   | 9690 ||| PLANNING TEMPLE
  9818 | Temple   | Entered the Ecumenical Temple
  9819 | Temple   | 9819 ||| PLANNING CONVERSION TO OKAWARU
  9823 | Temple   | Fell from the grace of Ignis
  9823 | Temple   | Became a worshipper of Warmaster Okawaru
  9824 | Temple   | 9824 ||| PLANNING LAIR
  9952 | Lair:4   | 9952 ||| STAIRDANCE
  9956 | Lair:4   | 9956 ||| STAIRDANCE
 10003 | Lair:4   | 10003 ||| STAIRDANCE
 10022 | Lair:4   | 10022 ||| STAIRDANCE
 10128 | Lair:4   | Reached * piety under Okawaru
 10138 | Lair:4   | Reached skill level 1 in Invocations
 10158 | Lair:4   | Found a staircase to the Slime Pits.
 10160 | Lair:4   | 10160 ||| INVOKING Heroism.
 10193 | Lair:4   | 10193 ||| FLEEEEING.
 10194 | Lair:4   | 10194 ||| FLEEEEING.
 10199 | Lair:4   | 10199 ||| Stepping ~*~*~tactically~*~*~ (outnumbered).
 10200 | Lair:4   | 10200 ||| Stepping ~*~*~tactically~*~*~ (outnumbered).
 10203 | Lair:4   | 10203 ||| Stepping ~*~*~tactically~*~*~ (outnumbered).
 10204 | Lair:4   | 10204 ||| Stepping ~*~*~tactically~*~*~ (outnumbered).
 10206 | Lair:4   | Reached ** piety under Okawaru
 10238 | Lair:4   | 10238 ||| Stepping ~*~*~tactically~*~*~ (hiding).
 10345 | Lair:4   | 10345 ||| Stepping ~*~*~tactically~*~*~ (stealth).
 10347 | Lair:4   | 10347 ||| INVOKING Heroism.
 10348 | Lair:4   | 10348 ||| Stepping ~*~*~tactically~*~*~ (stealth).
 10357 | Lair:4   | Reached skill level 3 in Invocations
 10500 | Lair:4   | Noticed a boulder beetle
 10501 | Lair:4   | 10501 ||| INVOKING Heroism.
 10506 | Lair:4   | Killed a boulder beetle
 10551 | Lair:4   | Noticed a four-headed hydra
 10552 | Lair:4   | 10552 ||| INVOKING Heroism.
 10559 | Lair:4   | Killed a seven-headed hydra
 10826 | Lair:4   | Reached *** piety under Okawaru
 10938 | Lair:4   | 10938 ||| READING scroll labelled ANIVVE PEUTZ.
 11059 | Lair:4   | 11059 ||| INVOKING Heroism.
 11099 | Lair:4   | 11099 ||| DRINKING 2 yellow potions.
 11106 | Lair:5   | Entered Level 5 of the Lair of Beasts
 11115 | Lair:5   | 11115 ||| INVOKING Heroism.
 11125 | Lair:5   | 11125 ||| Stepping ~*~*~tactically~*~*~ (stealth).
 11143 | Lair:5   | 11143 ||| INVOKING Heroism.
 11146 | Lair:5   | Reached skill level 18 in Unarmed Combat
 11208 | Lair:5   | 11208 ||| INVOKING Heroism.
 11214 | Lair:5   | 11214 ||| Stepping ~*~*~tactically~*~*~ (outnumbered).
 11229 | Lair:5   | 11229 ||| Stepping ~*~*~tactically~*~*~ (outnumbered).
 11244 | Lair:5   | Noticed Kirke
 11245 | Lair:5   | 11245 ||| INVOKING Heroism.
 11249 | Lair:5   | 11249 ||| Stepping ~*~*~tactically~*~*~ (stealth).
 11254 | Lair:5   | 11254 ||| Stepping ~*~*~tactically~*~*~ (stealth).
 11257 | Lair:5   | Killed Kirke
 11257 | Lair:5   | Reached **** piety under Okawaru
 11258 | Lair:5   | Reached XP level 13. HP: 127/127 MP: 13/15
 11303 | Lair:5   | 11303 ||| Stepping ~*~*~tactically~*~*~ (stealth).
 11358 | Lair:5   | 11358 ||| INVOKING Heroism.
 11373 | Lair:5   | 11373 ||| Stepping ~*~*~tactically~*~*~ (stealth).
 11376 | Lair:5   | 11376 ||| Stepping ~*~*~tactically~*~*~ (stealth).
 11378 | Lair:5   | 11378 ||| INVOKING Heroism.
 11393 | Lair:5   | 11393 ||| Stepping ~*~*~tactically~*~*~ (stealth).
 11405 | Lair:5   | 11405 ||| INVOKING Heroism.
 11504 | Lair:5   | 11504 ||| Stepping ~*~*~tactically~*~*~ (stealth).
 11506 | Lair:5   | 11506 ||| Stepping ~*~*~tactically~*~*~ (stealth).
 11538 | Lair:5   | 11538 ||| INVOKING Heroism.
 11543 | Lair:5   | 11543 ||| Stepping ~*~*~tactically~*~*~ (stealth).
 11546 | Lair:5   | 11546 ||| Stepping ~*~*~tactically~*~*~ (stealth).
 11554 | Lair:5   | 11554 ||| Stepping ~*~*~tactically~*~*~ (outnumbered).
 11566 | Lair:5   | 11566 ||| INVOKING Heroism.
 11582 | Lair:5   | 11582 ||| Stepping ~*~*~tactically~*~*~ (stealth).
 11586 | Lair:5   | 11586 ||| Stepping ~*~*~tactically~*~*~ (stealth).
 11605 | Lair:5   | 11605 ||| INVOKING Heroism.
 11664 | Lair:5   | 11664 ||| Stepping ~*~*~tactically~*~*~ (outnumbered).
 11665 | Lair:5   | 11665 ||| Stepping ~*~*~tactically~*~*~ (outnumbered).
 11666 | Lair:5   | 11666 ||| Stepping ~*~*~tactically~*~*~ (outnumbered).
 11713 | Lair:5   | 11713 ||| FLEEEEING.
 11714 | Lair:5   | 11714 ||| FLEEEEING.
 11715 | Lair:5   | 11715 ||| FLEEEEING.
 11724 | Lair:5   | 11724 ||| INVOKING Heroism.
 11826 | Lair:5   | 11826 ||| INVOKING Heroism.
 11831 | Lair:5   | 11831 ||| Stepping ~*~*~tactically~*~*~ (stealth).
 11838 | Lair:5   | Noticed Sonja
 11842 | Lair:5   | 11842 ||| Stepping ~*~*~tactically~*~*~ (stealth).
 11843 | Lair:5   | 11843 ||| Stepping ~*~*~tactically~*~*~ (stealth).
 11856 | Lair:5   | 11856 ||| INVOKING Heroism.
 11860 | Lair:5   | Killed Sonja
 11902 | Lair:5   | 11902 ||| INVOKING Heroism.
 11907 | Lair:5   | 11907 ||| Stepping ~*~*~tactically~*~*~ (cloud).
 11910 | Lair:5   | 11910 ||| Stepping ~*~*~tactically~*~*~ (stealth).
 11911 | Lair:5   | 11911 ||| Stepping ~*~*~tactically~*~*~ (stealth).
 11915 | Lair:5   | 11915 ||| Stepping ~*~*~tactically~*~*~ (stealth).
 11928 | Lair:5   | 11928 ||| Stepping ~*~*~tactically~*~*~ (stealth).
 11930 | Lair:5   | 11930 ||| Stepping ~*~*~tactically~*~*~ (stealth).
 11932 | Lair:5   | 11932 ||| INVOKING Heroism.
 11939 | Lair:5   | Reached skill level 6 in Invocations
 12013 | Lair:5   | 12013 ||| INVOKING Heroism.
 12031 | Lair:5   | Received a gift from Okawaru
 12075 | Lair:5   | 12075 ||| INVOKING Heroism.
 12218 | Lair:5   | 12218 ||| INVOKING Heroism.
 12250 | Lair:5   | 12250 ||| INVOKING Heroism.
 12280 | Lair:5   | 12280 ||| Stepping ~*~*~tactically~*~*~ (stealth).
 12283 | Lair:5   | 12283 ||| INVOKING Heroism.
 12292 | Lair:5   | HP: 26/127 [11-headed hydra (12)]
 12293 | Lair:5   | 12293 ||| READING 2 scrolls of teleportation.
 12293 | Lair:5   | HP: 4/127 [11-headed hydra (9)]
 12354 | Lair:5   | 12354 ||| INVOKING Heroism.
 12358 | Lair:5   | Reached skill level 19 in Unarmed Combat
 12494 | Lair:5   | 12494 ||| Stepping ~*~*~tactically~*~*~ (hiding).
 12515 | Lair:5   | 12515 ||| Stepping ~*~*~tactically~*~*~ (stealth).
 12523 | Lair:5   | 12523 ||| FLEEEEING.
 12525 | Lair:5   | Reached ***** piety under Okawaru
 12537 | Lair:5   | Found a large runed translucent door.
 12538 | Lair:5   | Found a large runed translucent door.
 12540 | Lair:5   | 12540 ||| INVOKING Heroism.
 12544 | Lair:5   | 12544 ||| Stepping ~*~*~tactically~*~*~ (outnumbered).
 12563 | Lair:5   | 12563 ||| Stepping ~*~*~tactically~*~*~ (cloud).
 12571 | Lair:5   | 12571 ||| FLEEEEING.
 12632 | Lair:5   | Was forgiven by Ignis
 12633 | Lair:5   | 12633 ||| Stepping ~*~*~tactically~*~*~ (outnumbered).
 12635 | Lair:5   | 12635 ||| Stepping ~*~*~tactically~*~*~ (outnumbered).
 12636 | Lair:5   | 12636 ||| Stepping ~*~*~tactically~*~*~ (outnumbered).
 12645 | Lair:5   | 12645 ||| FLEEEEING.
 12646 | Lair:5   | 12646 ||| FLEEEEING.
 12669 | Lair:5   | Noticed a fire dragon
 12801 | Lair:5   | 12801 ||| UPGRADING to ring of resist corrosion.
 12802 | Lair:5   | 12802 ||| PLANNING D:1-11
 13073 | D:9      | 13073 ||| STAIRDANCE
 13112 | D:9      | Found a glowing golden altar of the Shining One.
 13112 | D:9      | Found a white marble altar of Elyvilon.
 13144 | D:9      | 13144 ||| Stepping ~*~*~tactically~*~*~ (stealth).
 13200 | D:9      | Found a glowing silver altar of Zin.
 13246 | D:9      | Found a shadowy altar of Dithmenos.
 13270 | D:9      | Found a sparkling altar of Nemelex Xobeh.
 13311 | D:9      | 13311 ||| INVOKING Heroism.
 13389 | D:9      | 13389 ||| INVOKING Heroism.
 13446 | D:9      | 13446 ||| INVOKING Heroism.
 13536 | D:9      | Found a hazy altar of Hepliaklqana.
 13615 | D:9      | 13615 ||| READING scroll of enchant armour.
 13615 | D:9      | 13615 ||| ENCHANTING +2 swamp dragon scales.
 13812 | D:9      | 13812 ||| READING scroll labelled YRUSUERPHIM.
 13837 | D:10     | Entered Level 10 of the Dungeon
 13873 | D:10     | 13873 ||| INVOKING Heroism.
 13879 | D:10     | 13879 ||| Stepping ~*~*~tactically~*~*~ (outnumbered).
 13893 | D:10     | 13893 ||| INVOKING Heroism.
 13909 | D:10     | HP: 29/127 [killer bee (6)]
 13910 | D:10     | 13910 ||| READING scroll of teleportation.
 13911 | D:10     | HP: 11/127 [killer bee (5)]
 13916 | D:10     | HP: 12/127 [poisoned by a killer bee]
 13921 | D:10     | 13921 ||| Stepping ~*~*~tactically~*~*~ (outnumbered).
 13921 | D:10     | HP: 15/127 [poisoned by a killer bee]
 13922 | D:10     | 13922 ||| Stepping ~*~*~tactically~*~*~ (outnumbered).
 14066 | D:10     | Found a runed translucent gate.
 14066 | D:10     | Found a runed translucent gate.
 14066 | D:10     | Found a runed translucent gate.
 14068 | D:10     | Noticed qw's ghost (novice TrCA)
 14068 | D:10     | Noticed qw's ghost (novice TrCA)
 14125 | D:10     | 14125 ||| INVOKING Heroism.
 14165 | D:10     | 14165 ||| INVOKING Heroism.
 14262 | D:10     | 14262 ||| INVOKING Heroism.
 14688 | D:10     | 14688 ||| DROPPING orb of guile.
 14689 | D:10     | 14689 ||| READING scroll labelled HOLARHOROV.
 14690 | D:10     | 14690 ||| DRINKING 2 murky green potions.
 14691 | D:10     | 14691 ||| READING 2 scrolls of identify.
 14691 | D:10     | 14691 ||| IDENTIFYING purple potion
 14717 | D:11     | 14717 ||| INVOKING Heroism.
 14719 | D:11     | 14719 ||| STAIRDANCE
 14778 | D:11     | 14778 ||| INVOKING Heroism.
 14791 | D:11     | Reached skill level 9 in Fighting
 14800 | D:11     | 14800 ||| STAIRDANCE
 14902 | D:11     | 14902 ||| Stepping ~*~*~tactically~*~*~ (outnumbered).
 15040 | D:11     | 15040 ||| Stepping randomly (disturbance).
 15052 | D:11     | Reached XP level 14. HP: 136/140 MP: 19/19
 15081 | D:11     | Noticed Urug
 15082 | D:11     | 15082 ||| INVOKING Heroism.
 15083 | D:11     | 15083 ||| INVOKING Finesse.
 15093 | D:11     | Killed Urug
 15093 | D:11     | Received a gift from Okawaru
 15168 | D:11     | 15168 ||| INVOKING Heroism.
 15171 | D:11     | 15171 ||| Stepping ~*~*~tactically~*~*~ (outnumbered).
 15242 | D:11     | 15242 ||| FLEEEEING.
 15246 | D:11     | 15246 ||| FLEEEEING.
 15259 | D:11     | 15259 ||| FLEEEEING.
 15260 | D:11     | 15260 ||| FLEEEEING.
 15261 | D:11     | 15261 ||| STAIRDANCE
 15291 | D:10     | 15291 ||| DRINKING 2 blue potions.
 15292 | D:10     | 15292 ||| DROPPING potion of flight.
 15320 | D:11     | 15320 ||| STAIRDANCE
 15416 | D:11     | 15416 ||| INVOKING Heroism.
 15418 | D:11     | 15418 ||| INVOKING Finesse.
 15604 | D:11     | 15604 ||| Stepping ~*~*~tactically~*~*~ (stealth).
 15771 | D:11     | 15771 ||| PLANNING D
 15910 | D:12     | 15910 ||| READING scroll of enchant armour.
 15910 | D:12     | 15910 ||| ENCHANTING +3 swamp dragon scales.
 15967 | D:12     | Noticed Azrael
 15968 | D:12     | 15968 ||| Stepping ~*~*~tactically~*~*~ (hiding).
 15969 | D:12     | 15969 ||| Stepping ~*~*~tactically~*~*~ (hiding).
 15971 | D:12     | 15971 ||| Stepping ~*~*~tactically~*~*~ (hiding).
 15974 | D:12     | 15974 ||| INVOKING Heroism.
 15976 | D:12     | Reached skill level 6 in Throwing
 15976 | D:12     | Reached skill level 9 in Invocations
 15981 | D:12     | 15981 ||| Stepping ~*~*~tactically~*~*~ (outnumbered).
 15982 | D:12     | 15982 ||| INVOKING Finesse.
 15983 | D:12     | 15983 ||| Stepping ~*~*~tactically~*~*~ (outnumbered).
 15998 | D:12     | Killed Azrael
 16275 | D:12     | 16275 ||| Stepping ~*~*~tactically~*~*~ (hiding).
 16283 | D:12     | 16283 ||| Stepping ~*~*~tactically~*~*~ (stealth).
 16288 | D:12     | 16288 ||| Stepping ~*~*~tactically~*~*~ (hiding).
 16295 | D:12     | 16295 ||| FLEEEEING.
 16296 | D:12     | 16296 ||| FLEEEEING.
 16298 | D:12     | 16298 ||| FLEEEEING.
 16299 | D:12     | 16299 ||| FLEEEEING.
 16300 | D:12     | 16300 ||| FLEEEEING.
 16301 | D:12     | 16301 ||| FLEEEEING.
 16317 | D:12     | 16317 ||| INVOKING Heroism.
 16353 | D:12     | Received a gift from Okawaru
 16358 | D:12     | Found a staircase to the Orcish Mines.
 16421 | D:12     | 16421 ||| Stepping ~*~*~tactically~*~*~ (stealth).
 16424 | D:12     | 16424 ||| Stepping ~*~*~tactically~*~*~ (hiding).
 16426 | D:12     | 16426 ||| Stepping ~*~*~tactically~*~*~ (hiding).
 16431 | D:12     | 16431 ||| INVOKING Heroism.
 16432 | D:12     | 16432 ||| INVOKING Finesse.
 16553 | D:12     | 16553 ||| INVOKING Heroism.
 16554 | D:12     | 16554 ||| INVOKING Finesse.
 16557 | D:12     | Received a gift from Okawaru
 16771 | D:12     | 16771 ||| DRINKING 2 grey potions.
 16772 | D:12     | 16772 ||| DROPPING potion of invisibility.
 16808 | D:13     | 16808 ||| Stepping ~*~*~tactically~*~*~ (stealth).
 16810 | D:13     | 16810 ||| INVOKING Heroism.
 16830 | D:13     | You fall into a shaft and drop 1 floor!
 16901 | D:14     | 16901 ||| INVOKING Heroism.
 17015 | D:14     | 17015 ||| Stepping ~*~*~tactically~*~*~ (hiding).
 17021 | D:14     | 17021 ||| INVOKING Heroism.
 17022 | D:14     | Received a gift from Okawaru
 17077 | D:14     | 17077 ||| Stepping ~*~*~tactically~*~*~ (stealth).
 17089 | D:14     | 17089 ||| INVOKING Heroism.
 17188 | D:13     | 17188 ||| Stepping ~*~*~tactically~*~*~ (stealth).
 17256 | D:13     | 17256 ||| INVOKING Heroism.
 17299 | D:13     | 17299 ||| INVOKING Heroism.
 17355 | D:13     | 17355 ||| INVOKING Heroism.
 17368 | D:13     | 17368 ||| INVOKING Heroism.
 17370 | D:13     | HP: 32/140 [human/bolt (10)]
 17371 | D:13     | 17371 ||| READING 3 scrolls of teleportation.
 17372 | D:13     | 17372 ||| DRINKING potion of heal wounds.
 17506 | D:13     | 17506 ||| Stepping ~*~*~tactically~*~*~ (stealth).
 17547 | D:13     | Noticed Rupert
 17548 | D:13     | 17548 ||| INVOKING Heroism.
 17549 | D:13     | 17549 ||| INVOKING Finesse.
 17556 | D:13     | Killed Rupert
 17639 | D:13     | 17639 ||| Stepping ~*~*~tactically~*~*~ (hiding).
 17642 | D:13     | 17642 ||| INVOKING Heroism.
 17679 | D:13     | 17679 ||| INVOKING Finesse.
 17880 | D:13     | 17880 ||| INVOKING Heroism.
 17881 | D:13     | 17881 ||| Stepping ~*~*~tactically~*~*~ (outnumbered).
 17883 | D:13     | 17883 ||| Stepping ~*~*~tactically~*~*~ (outnumbered).
 17885 | D:13     | 17885 ||| Stepping ~*~*~tactically~*~*~ (outnumbered).
 17887 | D:13     | 17887 ||| Stepping ~*~*~tactically~*~*~ (outnumbered).
 17889 | D:13     | 17889 ||| Stepping ~*~*~tactically~*~*~ (outnumbered).
 18007 | D:13     | Identified the +1 tower shield of the Valley of Death {rN+}
                  | (Okawaru gifted it to you on level 13 of the Dungeon)
 18007 | D:13     | Received a gift from Okawaru
 18112 | D:13     | 18112 ||| INVOKING Heroism.
 18147 | D:13     | 18147 ||| FLEEEEING.
 18199 | D:13     | 18199 ||| INVOKING Heroism.
 18215 | D:13     | 18215 ||| Stepping ~*~*~tactically~*~*~ (outnumbered).
 18226 | D:13     | Reached skill level 20 in Unarmed Combat
 18262 | D:13     | 18262 ||| Stepping ~*~*~tactically~*~*~ (hiding).
 18266 | D:13     | 18266 ||| Stepping ~*~*~tactically~*~*~ (outnumbered).
 18267 | D:13     | 18267 ||| INVOKING Heroism.
 18272 | D:13     | Reached XP level 15. HP: 105/146 MP: 18/21
 18309 | D:13     | Found a gate to the Vaults.
 18310 | D:13     | 18310 ||| INVOKING Heroism.
 18344 | D:13     | 18344 ||| INVOKING Heroism.
 18533 | D:13     | 18533 ||| UPGRADING to +1 tower shield of the Valley of
                  | Death {rN+}.
 18538 | D:13     | 18538 ||| READING scroll labelled SETSEB BEXISAG.
 18567 | D:14     | Found a radiant altar of Vehumet.
 18568 | D:14     | 18568 ||| STAIRDANCE
 18587 | D:13     | Reached skill level 1 in Shields
 18589 | D:14     | 18589 ||| STAIRDANCE
 18591 | D:13     | 18591 ||| INVOKING Heroism.
 18596 | D:13     | 18596 ||| Stepping ~*~*~tactically~*~*~ (outnumbered).
 18597 | D:13     | 18597 ||| Stepping ~*~*~tactically~*~*~ (outnumbered).
 18600 | D:13     | 18600 ||| Stepping ~*~*~tactically~*~*~ (outnumbered).
 18662 | D:14     | 18662 ||| STAIRDANCE
 18664 | D:13     | 18664 ||| Stepping ~*~*~tactically~*~*~ (outnumbered).
 18665 | D:13     | 18665 ||| Stepping ~*~*~tactically~*~*~ (outnumbered).
 18667 | D:13     | 18667 ||| Stepping ~*~*~tactically~*~*~ (outnumbered).
 18668 | D:13     | 18668 ||| Stepping ~*~*~tactically~*~*~ (outnumbered).
 18670 | D:13     | 18670 ||| Stepping ~*~*~tactically~*~*~ (outnumbered).
 18672 | D:13     | 18672 ||| FLEEEEING.
 18704 | D:14     | Reached skill level 3 in Shields
 18778 | D:14     | Noticed Josephine
 18779 | D:14     | 18779 ||| Stepping ~*~*~tactically~*~*~ (stealth).
 18797 | D:14     | Found a hide-covered altar of Uskayaw.
 18807 | D:14     | Killed Josephine
 18828 | D:14     | 18828 ||| DRINKING potion of cancellation.
 19043 | D:14     | 19043 ||| INVOKING Heroism.
 19080 | D:14     | 19080 ||| INVOKING Finesse.
 19293 | D:15     | Entered Level 15 of the Dungeon
 19297 | D:15     | 19297 ||| INVOKING Heroism.
 19300 | D:15     | 19300 ||| Stepping ~*~*~tactically~*~*~ (outnumbered).
 19302 | D:15     | 19302 ||| Stepping ~*~*~tactically~*~*~ (outnumbered).
 19305 | D:15     | 19305 ||| Stepping ~*~*~tactically~*~*~ (outnumbered).
 19307 | D:15     | 19307 ||| Stepping ~*~*~tactically~*~*~ (outnumbered).
 19308 | D:15     | 19308 ||| Stepping ~*~*~tactically~*~*~ (outnumbered).
 19309 | D:15     | 19309 ||| Stepping ~*~*~tactically~*~*~ (outnumbered).
 19312 | D:15     | HP: 36/146 [something/bolt of magma (35)]
 19313 | D:15     | 19313 ||| READING 6 scrolls of teleportation.
 19314 | D:15     | 19314 ||| Stepping ~*~*~tactically~*~*~ (outnumbered).
 19314 | D:15     | HP: 6/146 [ogre/+0 giant spiked club (21)]
 19316 | D:15     | 19316 ||| READING 5 scrolls of teleportation.
 19320 | D:15     | 19320 ||| READING 4 scrolls of teleportation.
 19323 | D:15     | HP: 17/146 [tengu warrior/+0 broad axe (6)]
 19326 | D:15     | 19326 ||| INVOKING Finesse.
 19329 | D:15     | 19329 ||| READING 3 scrolls of teleportation.
 19330 | D:15     | HP: 23/146 [eight-headed hydra (3)]
 19338 | D:15     | 19338 ||| READING 2 scrolls of teleportation.
 19338 | D:15     | HP: 26/146 [vampire mosquito (1)]
 19345 | D:15     | 19345 ||| READING scroll of teleportation.
 19350 | D:15     | 19350 ||| FLEEEEING.
 19351 | D:15     | 19351 ||| FLEEEEING.
 19359 | D:15     | 19359 ||| INVOKING Heroism.
 19360 | D:15     | HP: 35/146 [tengu warrior/+0 halberd (12)]
 19364 | D:15     | HP: 11/146 [ogre/+0 giant spiked club (11)]
 19366 | D:15     | 19366 ||| Stepping ~*~*~tactically~*~*~ (outnumbered).
 19367 | D:15     | 19367 ||| Stepping ~*~*~tactically~*~*~ (outnumbered).
 19369 | D:15     | HP: 2/146 [two-headed ogre/+0 giant club (10)]
 19371 | D:15     | Mangled by a tengu warrior

Levels and vault maps discovered:
D:1:      enne_arrival_octagon_isle, layout_loops_cross,
          ebering_ecumenical_altar_sacrificial, minmay_lizard_pond
D:2:      layout_loops_cross, nicolae_shop_vocational, uniq_terence
D:3:      layout_loops_corners, tgw_sif, tgw_trog
D:4:      layout_gridville, grunt_temple_overflow_growth_and_decay,
          grunt_qazlal_sundering
D:5:      layout_basic, mainiacjoe_overflow_alcove_4,
          mainiacjoe_overflow_concentric_impassable,
          mainiacjoe_overflow_alcove_2, kennysheep_mini_moat,
          hangedman_decor_riveting, nicolae_titane, uniq_pikel
D:6:      layout_loops_cross
D:7:      layout_basic, kennysheep_mini, temple_fountains,
          kennysheep_decorative_pillar, uniq_maggie
D:8:      layout_loops_ring, due_lair_maze_entry_diamond
D:9:      layout_gridville, mainiacjoe_overflow_small_starburst,
          mainiacjoe_overflow_brackets, worldfamousw_hep_ancestral_shrine,
          grunt_dithmenos_smoke_and_mirrors, nicolae_overflow_two_pavilions,
          eino_house_with_fridge
D:10:     layout_roguey [special_room_bee], gammafunk_ghost_cemetery,
          solitary_fountain, grunt_decor_fettered
D:11:     layout_irregular_city, kennysheep_opposing_triangles, uniq_urug
D:12:     minmay_spotlight, layout_cave_pods,
          kennysheep_orc_monster_closet_entryway, uniq_azrael
D:13:     layout_loops_ring, grunt_vaults_entry_fortified, serial_bayou,
          serial_bayou_lake_a, serial_bayou_lagoon_a, serial_bayou_shore_b,
          serial_bayou_ford_a, uniq_rupert
D:14:     layout_roguey, fiery_altar_vehumet,
          nicolae_uskayaw_murder_on_the_dancefloor, uniq_josephine
D:15:     gammafunk_depths_entry_grave, layout_cave_pools,
          minmay_misc_feat_roman, chequers_serial_rivers_room_a
Temple:   hellmonk_temple_micro_hex
Lair:1:   layout_gridlike, minivault_27
Lair:2:   layout_long_grid, minmay_shoals_entry_hut,
          spider_nest_entry_funnel_web, wad_woods_02
Lair:3:   layout_small_grid, infiniplex_staircase_pool
Lair:4:   layout_cave_pods, slime_entry_1
Lair:5:   cheibrodos_lair_end_hotspot, layout_loops_ring, roderic_batcave,
          uniq_sonja, uniq_kirke

Skill      XL: |  1  2  3  4  5  6  7  8  9 10 11 12 13 14 15 |
---------------+----------------------------------------------+-----
Unarmed Combat | 4 5 6 8 9 10 12 14 16 18 19 20 | 20.0
Throwing       | 1 2 3 4 5 8 |  8.3
Fighting       | 3 4 5 6 7 8 9 |  9.0
Dodging        | 1 2 |  2.1
Armour         | 2 3 4 |  4.0
Invocations    | 4 8 10 | 10.0
Shields        | 5 |  5.6
Spellcasting   | |  1.0
Fire Magic     | |  2.1

Action                   |  1- 3 |  4- 6 |  7- 9 | 10-12 | 13-15 || total
-------------------------+-------+-------+-------+-------+-------++-------
Melee: Unarmed           |    65 |   141 |   208 |   391 |   756 ||  1561
       Punch             |       |     3 |     6 |    28 |    49 ||    86
Throw: Javelin           |       |    10 |    23 |    68 |    46 ||   147
       Large rock        |       |     4 |     7 |       |    69 ||    80
       Boomerang         |       |       |    31 |    11 |     1 ||    43
Invok: Fiery Armour      |     1 |     3 |     2 |     6 |       ||    12
       Heroism           |       |       |       |     9 |    55 ||    64
       Finesse           |       |       |       |       |     9 ||     9
  Use: Scroll            |     4 |     6 |     7 |     4 |    15 ||    36
       Potion            |     1 |     1 |     1 |     5 |     5 ||    13
 Stab: Distracted        |       |       |       |       |     1 ||     1
       Invisible         |       |       |       |       |     1 ||     1
Armor: Robe              |    19 |    21 |    77 |       |       ||   117
       Swamp dragon scal |       |       |     9 |   148 |   354 ||   511
Dodge: Dodged            |    25 |    41 |    79 |   126 |   344 ||   615
Block: Tower shield      |       |       |       |       |    94 ||    94

Table legend:
 A = Non-vault XP
 B = Vault XP
 C = Vault XP percentage of total XP
 D = Non-vault monster count
 E = Vault monster count
 F = Vault count percentage of total count
                 A         B        C        D         E       F
            +---------+---------+-------+---------+---------+-------
      Total |   86686 |   32234 |  27.1 |     458 |     153 |  25.0
            +---------+---------+-------+---------+---------+-------
        D:1 |      28 |       3 |   9.7 |      16 |       3 |  15.8
        D:2 |      52 |      32 |  38.1 |      23 |       1 |   4.2
        D:3 |     144 |      46 |  24.2 |      28 |       6 |  17.6
        D:4 |     212 |       0 |   0.0 |      21 |       0 |   0.0
        D:5 |    1436 |     617 |  30.1 |      25 |       1 |   3.8
        D:6 |    1257 |       0 |   0.0 |      30 |       0 |   0.0
        D:7 |     806 |     404 |  33.4 |      21 |       1 |   4.5
        D:8 |    1508 |    1262 |  45.6 |      22 |       9 |  29.0
        D:9 |    1133 |     858 |  43.1 |      10 |      12 |  54.5
       D:10 |    3518 |    1806 |  33.9 |      17 |      25 |  59.5
       D:11 |    4751 |    2256 |  32.2 |      21 |       5 |  19.2
       D:12 |    4558 |    4564 |  50.0 |       9 |      32 |  78.0
       D:13 |   16341 |    7226 |  30.7 |      35 |      10 |  22.2
       D:14 |   10141 |    1919 |  15.9 |      23 |       6 |  20.7
       D:15 |    4560 |       0 |   0.0 |       7 |       0 |   0.0
     Lair:1 |    6471 |       0 |   0.0 |      29 |       0 |   0.0
     Lair:2 |    4232 |    1316 |  23.7 |      23 |       6 |  20.7
     Lair:3 |    4548 |       0 |   0.0 |      21 |       0 |   0.0
     Lair:4 |    7497 |       0 |   0.0 |      21 |       0 |   0.0
     Lair:5 |   13493 |    9925 |  42.4 |      56 |      36 |  39.1
            +---------+---------+-------+---------+---------+-------
